 Dungeon Crawl Stone Soup version 0.30-a0-568-g124715a40b (webtiles) character file.

Game seed: 295854770260389736

169 cforsyth the Conjurer (level 5, -2/38 HPs)
             Began as a Draconian Conjurer on Dec 29, 2022.
             Slain by Grinder (3 damage)
             ... on level 3 of the Dungeon.
             The game lasted 00:06:34 (4040 turns).

cforsyth the Conjurer (Draconian Conjurer)          Turns: 4040, Time: 00:06:34

Health: -2/38      AC:  6    Str:  9    XL:     5   Next: 25%
Magic:  3/10       EV: 12    Int: 21    God:
Gold:   112        SH:  0    Dex:  9    Spells: 6/11 levels left

rFire   . . .      SeeInvis .    k - staff of conjuration
rCold   . . .      Faith    .    (no shield)
rNeg    . . .      Spirit   .    (body armour unavailable)
rPois   .          Reflect  .    (helmet restricted)
rElec   .          Harm     .    d - +0 cloak
rCorr   .          Rampage  .    (no gloves)
Will    .....                    (no boots)
Stlth   ++                       (no amulet)
HPRegen 0.26/turn                (no ring)
MPRegen 0.12/turn                (no ring)

@: no status effects
A: AC +5, unfitting armour, cold-blooded
a: no special abilities


You were on level 3 of the Dungeon.
You visited 1 branch of the dungeon, and saw 3 of its levels.

You collected 112 gold pieces.

Inventory:

Armour
 d - a +0 cloak (worn)
Magical Staves
 k - a staff of conjuration (weapon)
Jewellery
 e - a ring of ice
Wands
 n - a wand of mindburst (11)
Scrolls
 b - a scroll of teleportation {unknown}
 g - a scroll of noise {unknown}
 j - 2 scrolls of blinking {unknown}
 m - a scroll of silence {unknown}
Potions
 a - a potion of magic
 c - a potion of brilliance {unknown}
 f - a potion of degeneration {unknown}
 h - a potion of haste {unknown}
 i - a potion of might
 l - 2 potions of lignification {unknown}


   Skills:
 - Level 1.7 Dodging
 - Level 1.7 Stealth
 + Level 3.8 Spellcasting
 + Level 5.4 Conjurations
 + Level 0.0 Hexes


You had 6 spell levels left.
You knew the following spells:

 Your Spells              Type           Power      Damage    Failure   Level
a - Magic Dart            Conj           100%       1d8       1%          1
b - Fulminant Prism       Conj/Hex       11%        3d8       36%         4

Your spell library contained the following spells:

 Spells                   Type           Power      Damage    Failure   Level
 Searing Ray              Conj           80%        2d7       1%          2
 Sting                    Tmut/Pois      16%        1d3       12%         1
 Dazzling Flash           Conj/Hex       46%        N/A       12%         3
 Poisonous Vapours        Pois/Air       8%         N/A       19%         2
 Iskenderun's Mystic Bla  Conj/Tloc      23%        2d6       36%         4
 Cause Fear               Hex            2%         N/A       77%         4
 Olgreb's Toxic Radiance  Pois           4%         N/A       77%         4
 Dragon Form              Tmut           2%         N/A       100%        7
 Dragon's Call            Summ           2%         N/A       100%        9


Dungeon Overview and Level Annotations

Branches:
Dungeon (3/15)

Altars:

Shops:
D:3 :

Annotations:
D:2 Sigmund
D:3 Grinder


Innate Abilities, Weirdness & Mutations

Your plain brown scales are hard. (AC +5)
You cannot fit into any form of body armour.
You are cold-blooded and may be slowed by cold attacks.


Message History

You feel a surge of power!
The magic dart hits Grinder.
Grinder is moderately wounded.
You feel a surge of power!
The magic dart hits Grinder but does no damage.
Grinder is moderately wounded.
You feel a surge of power!
The magic dart hits Grinder.
Grinder is heavily wounded.
Grinder gestures at you. Pain shoots through your body!
You feel a surge of power!
The magic dart hits Grinder.
Grinder is heavily wounded.
Aiming: Mindburst
Press: ? - help, Shift-Dir - straight line, f/p - Grinder
Aim: Grinder (heavily wounded, chance to affect: 64%) Grinder struggles to resist.
Grinder hits you.
You writhe in agony.
Aiming: Mindburst
Press: ? - help, Shift-Dir - straight line, f/p - Grinder
Aim: Grinder (heavily wounded, chance to affect: 64%) Grinder struggles to resist.
Grinder hits you.
Aiming: Mindburst
Press: ? - help, Shift-Dir - straight line, f/p - Grinder
Aim: Grinder (heavily wounded, chance to affect: 64%) Grinder's mind is blasted!
Grinder gestures at you.
You suddenly lose the ability to move!
Grinder gestures at you. Pain shoots through your body!
* * * LOW HITPOINT WARNING * * *
You can move again.
Unknown command.
Unknown command.
Unknown command.
Unknown command.
Aiming: Mindburst
Press: ? - help, Shift-Dir - straight line, f/p - Grinder
Aim: Grinder (severely wounded, chance to affect: 64%) Grinder's mind is blasted!
Grinder hits you.
* * * LOW HITPOINT WARNING * * *
You writhe in agony.
You die...

.............#.##.##.
#..###.........##.##.
#.. #......##.#..##.
#.. #.....###.#.###.
#.###.. ###.###
#.#.###. ..... ...#
#....... #..#######
#.#.#### #..5.# #.#.#
## ##†#@# #.#.####
#.#.#########....###
#.#.................
#..................#
#############..>..##
##...### ##.#### ###
##


You could see Grinder.

Vanquished Creatures
  An orc priest (D:3)
  A scorpion zombie (D:2)
  2 adders (D:2)
  2 gnolls (D:2)
  An adder zombie (D:2)
  A worm (D:1)
  7 orcs
  4 ball pythons
  9 bats
  A bat zombie (D:2)
  9 endoplasms
  2 giant cockroaches (D:1)
  5 goblins
  2 hobgoblins
  2 jackals
  2 kobolds (D:1)
  A quokka (D:2)
  4 frilled lizards
  A giant cockroach zombie (D:2)
  3 rats
60 creatures vanquished.

Vanquished Creatures (others)
  3 fungi (D:2)
  11 plants (D:2)
14 creatures vanquished.

Grand Total: 74 creatures vanquished

Notes
Turn   | Place    | Note
-------+----------+-------------------------------------------
     0 | D:1      | cforsyth the Draconian Conjurer began the quest for the
                  | Orb.
     0 | D:1      | Reached XP level 1. HP: 14/14 MP: 3/3
   357 | D:1      | Reached XP level 2. HP: 20/20 MP: 3/5
  1170 | D:1      | Reached XP level 3. HP: 26/26 MP: 4/7
  2006 | D:2      | Reached XP level 4. HP: 33/33 MP: 6/8
  2032 | D:2      | Noticed Sigmund
  2590 | D:2      | Reached skill level 5 in Conjurations
  3213 | D:3      | Reached XP level 5. HP: 12/38 MP: 5/10
  3407 | D:3      | Found Ytitiex's Book Boutique.
  3433 | D:3      | Noticed Grinder
  3438 | D:3      | Paralysed by Grinder for 2 turns
  3908 | D:3      | Learned a level 4 spell: Fulminant Prism
  4038 | D:3      | Paralysed by Grinder for 2 turns
  4040 | D:3      | HP: 1/38 [Grinder (6)]
  4040 | D:3      | Slain by Grinder

Illustrated notes

Levels and vault maps discovered:
D:1:      reono_arrival_mine, layout_basic, dk_noncrumbling_3,
          minmay_small_reverse_x
D:2:      layout_rooms, serial_undead, serial_undead_f, serial_undead_a,
          serial_undead_e, serial_undead_b, serial_undead_e,
          shapermc_ecumenical_altar_mp_ritualfount, serial_bayou_lake_a,
          uniq_sigmund
D:3:      layout_loops_ring, eat_drink_and_be_merry_uskayaw, serial_shops, shop,
          reono_crystal_passage, kennysheep_generic_room_4, uniq_grinder

Skill      XL: |  1  2  3  4 |
---------------+-------------+-----
Spellcasting   | 3 |  3.8
Conjurations   | 5 |  5.4
Dodging        | |  1.7
Stealth        | |  1.7

Action                   |  1- 3 |  4- 6 || total
-------------------------+-------+-------++-------
Melee: Unarmed           |    15 |    23 ||    38
       Tailslap          |     1 |     6 ||     7
       Staff             |       |     3 ||     3
       Punch             |       |     1 ||     1
 Cast: Magic Dart        |    83 |    91 ||   174
Evoke: Wand              |       |     4 ||     4
  Use: Potion            |       |     1 ||     1
Armor: Skin              |    14 |    13 ||    27
Dodge: Dodged            |    25 |    31 ||    56

Table legend: (Time is in decaauts)
 A = Elapsed time spent in this place.
 B = Non-inter-level travel time spent in this place.
 C = Inter-level travel time spent in this place.
 D = Time resting spent in this place.
 E = Time spent auto-exploring this place.
 F = Levels seen in this place.
 G = Mean time per level.
                   A        B        C        D        E       F      G
               +--------+--------+--------+--------+--------+-----+--------+
         Total |   4088 |   4056 |     32 |   1508 |   1752 |   3 | 1362.7 |
       Dungeon |   4088 |   4056 |     32 |   1508 |   1752 |   3 | 1362.7 |
               +--------+--------+--------+--------+--------+-----+--------+

Top non-repeatable levels by time:
     D:1: 2107 daAuts
     D:2: 1396 daAuts
     D:3: 584 daAuts
